AoeStats
← wayne_king

Arena

509843430Analyzed
1v1 RM · 2d ago on Sep 28, 2026· 59m 14s· 2 players
Game mode
Random Map
Map size
Tiny (2 player)
Population
200
Speed
Normal
Resources
Standard
Victory
Conquest
Starting age
Dark Age
Ending age
Imperial Age
RankedLock teamsTeams togetherTeam positionsShared explorationLock speedFull tech treeHidden civsTurbo modeCheats
Victory
Defeat
🇦🇺 Italians · Australia
1183
+14
🇨🇳 Wei · China
1146
-14
T - T
10:07 Feudal Age
11:09 Loom
14:07 Castle Age
12:37 Double-Bit Axe
13:09 Horse Collar
20:38 Bow Saw
23:14 Gold Mining
23:57 Town Watch
24:53 Wheelbarrow
26:11 Stone Mining
29:25 Imperial Age
29:47 Bloodlines
30:26 Forging
31:08 Husbandry
31:46 Iron Casting
31:42 Scale Barding Armor
32:09 Heavy Hei Guang Cavalry
33:37 Gold Shaft Mining
34:26 Blast Furnace
36:37 Fletching
36:47 Padded Archer Armor
39:06 Thumb Ring
39:27 Parthian Tactics
39:50 Stone Shaft Mining
41:40 Bodkin Arrow
42:00 Leather Archer Armor
42:33 Bracer
43:50 Hand Cart
45:01 Chemistry
44:22 Ballistics
44:53 Parthian Tactics
46:29 Ring Archer Armor
46:20 Chain Barding Armor
48:12 Masonry
52:22 Light Cavalry
58:27 Scale Mail Armor
wayne_king
10:52 Feudal Age
14:47 Castle Age
12:46 Horse Collar
13:03 Double-Bit Axe
15:41 Wheelbarrow
15:55 Bow Saw
15:40 Light Cavalry
23:06 Loom
24:55 Heavy Plow
24:51 Gold Mining
29:43 Imperial Age
27:30 Hand Cart
27:00 Man-at-Arms
29:18 Pikeman
29:58 Squires
29:20 Long Swordsman
30:29 Two-Handed Swordsman
33:03 Scale Mail Armor
33:14 Forging
34:22 Chain Mail Armor
33:32 Hussar
34:23 Bloodlines
39:09 Chemistry
38:20 Masonry
38:09 Capped Ram
39:50 Plate Mail Armor
39:55 Iron Casting
39:24 Padded Archer Armor
39:18 Elite Skirmisher
42:57 Ballistics
43:08 Architecture
45:51 Two-Man Saw
45:24 Crop Rotation
44:35 Elite Genoese Crossbowman
45:55 Fletching
46:20 Leather Archer Armor
47:07 Blast Furnace
47:24 Bodkin Arrow
49:25 Ring Archer Armor
49:36 Conscription
50:25 Conscription
51:52 Bracer
59:48 Hoardings
Connection lost

Rejoining the realm…

Still unreachable

The connection could not be restored.

Session expired

The server has moved on; the page needs a fresh start.